 Dungeon Crawl Stone Soup version 0.25.1-2-g60ff931df9 (webtiles) character file.

Game seed: 5684757927750246059

88 Snicker the Chiller (level 4, -12/24 HPs)
             Began as a Deep Elf Ice Elementalist on Oct 6, 2020.
             Killed by divine providence
             ... invoked by an orc priest
              (15 damage)
             ... on level 3 of the Dungeon.
             The game lasted 00:03:45 (2117 turns).

Snicker the Chiller (Deep Elf Ice Elementalist)     Turns: 2117, Time: 00:03:45

Health: -12/24     AC:  3    Str:  5    XL:     4   Next: 30%
Magic:  12/12      EV: 13    Int: 21    God:
Gold:   130        SH:  0    Dex: 15    Spells: 8/12 levels left

rFire    . . .     SeeInvis .   b - +0 dagger
rCold    . . .     Gourm    .   (no shield)
rNeg     . . .     Faith    .   a - +0 robe
rPois    .         Spirit   .   m - +0 helmet
rElec    .         Reflect  .   (no cloak)
rCorr    .         Harm     .   (no gloves)
MR       .....                  (no boots)
Stlth    ++........             (no amulet)
HPRegen  0.08/turn              d - ring of flight
MPRegen  0.13/turn              (no ring)

@: no status effects
A: no striking features
a: Evoke Flight


You were on level 3 of the Dungeon.
You were not hungry.

You visited 1 branch of the dungeon, and saw 3 of its levels.

You collected 130 gold pieces.

Inventory:

Hand Weapons
 b - a +0 dagger (weapon)
Missiles
 j - 5 boomerangs (quivered)
Armour
 a - a +0 robe (worn)
 m - a +0 helmet (worn)
Jewellery
 d - a ring of flight (left hand)
Scrolls
 g - a scroll of random uselessness {unknown}
 h - 4 scrolls of identify {unknown}
 i - 3 scrolls of remove curse {unknown}
 l - a scroll of magic mapping {unknown}
Potions
 e - a potion of haste {unknown}
 f - a potion of lignification {unknown}
 n - a potion of heal wounds {unknown}
Comestibles
 c - 10 rations


   Skills:
 + Level 2.4 Dodging
 + Level 2.4 Stealth
 * Level 4.5 Spellcasting
 * Level 5.7 Ice Magic


You had 8 spell levels left.
You knew the following spells:

 Your Spells              Type           Power        Failure   Level  Hunger
a - Freeze                Ice            ####         1%          1    None
b - Frozen Ramparts       Ice            ####..       3%          3    ##.....

Your spell library contained the following spells:

 Spells                   Type           Power        Failure   Level  Hunger
 Ozocubu's Armour         Chrm/Ice       ###.....     11%         3    ##.....
 Hailstorm                Conj/Ice       ###.....     34%         4    ####...
 Summon Ice Beast         Ice/Summ       ###.....     34%         4    ####...


Dungeon Overview and Level Annotations

Branches:
Dungeon (3/15)

Altars:
Ashenzari


Message History

An adder and 2 orcs come into view.
An orc is wielding a +0 whip and wearing a +1 leather armour of magic resistance.
The adder hisses angrily.
There is a stone staircase leading up here.
Unknown command. 2 goblins, an orc and an orc priest come into view.
The orc priest shouts!
The orc shouts!
You hear a shout!
Found 9 gold pieces.
The adder misses you.
The orc priest calls down the wrath of Beogh upon you.
Beogh smites you! The adder misses you.
The orc priest mumbles some strange prayers to Beogh against you.
Beogh smites you!
Ouch! That really hurt!
* * * LOW HITPOINT WARNING * * *
The orc priest invokes the aid of Beogh against you.
Beogh smites you!
Ouch! That really hurt!
You die...

#.......<..#
#......#######
#####.o#......≈g
#...#o.#...$..≈≈
#....o..o.......
#.............≈≈
#.#.............≈g
.......S........##
#.#...#@####......
#...#.# ...... ###
#.# ###### #.# #.#
#.# #.# #.#


You could see an orc priest, an adder and 3 orcs.

Vanquished Creatures
  Terence (D:2)
  An adder (D:2)
  An ooze (D:1)
  A worm (D:2)
  A dart slug (D:1)
  4 leopard geckos
  3 giant cockroaches (D:2)
  5 goblins
  7 hobgoblins (D:1)
  3 jackals (D:2)
  2 kobolds (D:1)
  5 bats (D:1)
  A frilled lizard (D:1)
  6 rats
41 creatures vanquished.

Notes
Turn   | Place    | Note
-------+----------+-------------------------------------------
     0 | D:1      | Snicker the Deep Elf Ice Elementalist began the quest for
                  | the Orb.
     0 | D:1      | Reached XP level 1. HP: 10/10 MP: 6/6
   209 | D:1      | Reached XP level 2. HP: 12/15 MP: 1/8
   441 | D:1      | Reached skill level 5 in Ice Magic
   727 | D:1      | Reached XP level 3. HP: 19/19 MP: 6/10
   733 | D:1      | Learned a level 3 spell: Frozen Ramparts
  1464 | D:2      | Noticed Terence
  1469 | D:2      | Killed Terence
  1469 | D:2      | Reached XP level 4. HP: 21/24 MP: 9/12
  1746 | D:2      | Found a shattered altar of Ashenzari.
  2117 | D:3      | Killed from afar by an orc priest

Illustrated notes

Levels and vault maps discovered:
D:1:      moated_graveyard_arrival, layout_basic, minmay_tetromino_s4
D:2:      layout_loops_ring, nicolae_ashenzari_panopticon, uniq_terence
D:3:      cheibrodos_helix_gallery, layout_basic, kennysheep_okawaru_gauntlet,
          ebering_ghost_disaster_area

Skill      XL: |  1  2  3 |
---------------+----------+-----
Ice Magic      | 5 |  5.7
Spellcasting   | 4 |  4.5
Dodging        | |  2.4
Stealth        | |  2.4

Action                   |  1- 3 |  4- 6 || total
-------------------------+-------+-------++-------
Melee: Dagger            |     3 |     1 ||     4
Throw: Boomerang         |     1 |       ||     1
 Cast: Freeze            |    47 |    13 ||    60
 Stab: Sleeping          |     1 |       ||     1
  Eat: Chunk             |     1 |     2 ||     3
Armor: Robe              |     7 |     3 ||    10
Dodge: Dodged            |    27 |     8 ||    35
